Map: Catalyseur EC

Players

Netruner

  • Race: Protoss Protoss
  • League: Platinum
  • Spawn Location: 11:00

HoldTheDoor - Winner!

  • Race: Protoss Protoss
  • League: Diamond
  • Spawn Location: 5:00

VOD

Have the link to the VOD?

Description

Time

  • Played on: July 4, 2018, 10:38 a.m.
  • Length: 15:39
Show
View Real Time Build Order
Export as new Build Order

Netruner Protoss 

Build Orders:  

Get SALT Encoding   

  12  0:01  Probe  
  13  0:13  Probe  
  14  0:20  Pylon  
  14  0:25  Probe  
  15  0:38  Probe  
  16  0:43  Gateway  
  16  0:46  Probe  
  16  0:54  Probe  
  17  1:02  Assimilator  
  18  1:04  Probe  
  19  1:14  Probe  
  20  1:21  Gateway  
  20  1:22  Probe  
  21  1:39  Cybernetics Core  
  21  1:40  Assimilator  
  21  1:41  Pylon  
  21  1:53  Probe  
  22  2:05  Probe, Pylon  
  23  2:17  Adept x2  
  23  2:18  Probe  
  28  2:30  Shield Battery  
  28  3:01  Warp Gate  
  28  3:05  Stalker x2  
  31  3:06  Nexus  
  31  3:08  Pylon  
  31  3:11  Probe  
  32  3:23  Probe  
  33  3:35  Probe  
  33  3:39  Robotics Facility  
  34  3:47  Probe  
  35  3:59  Probe  
  35  4:02  Gateway  
  36  4:03  Forge  
  36  4:12  Probe  
  35  4:24  Probe  
  36  4:29  Immortal  
  36  4:31  Stalker x2  
  38  4:36  Probe  
  39  4:40  Shield Battery x2  
  40  4:57  Stalker  
  42  5:03  Probe x2  
  42  5:06  Stalker  
  42  5:07  Stalker  
  48  5:22  Photon Cannon  
  48  5:24  Assimilator, Probe, Photon Cannon  
  48  5:25  Probe  
  48  5:26  Protoss Ground Armor Level 1  
  50  5:38  Probe x2  
  52  5:43  Observer  
  53  5:56  Twilight Council  
  53  6:00  Gateway  
  53  6:02  Pylon  
  53  6:04  Sentry  
  53  6:06  Stalker  
  53  6:10  Probe, Pylon  
  57  6:14  Probe  
  58  6:22  Stalker  
  59  6:30  Photon Cannon  
  59  6:34  Photon Cannon  
  59  6:41  Stalker x2  
  59  6:55  Protoss Ground Weapons Level 1  
  47  7:06  Stalker x3, Immortal  
  49  7:15  Probe  
  49  7:16  Probe  
  55  7:24  Probe  
  55  7:25  Blink  
  56  7:40  Assimilator  
  56  7:41  Stalker  
  56  7:43  Zealot x2  
  62  7:54  Sentry  
  64  8:11  Pylon  
  64  8:13  Nexus, Photon Cannon  
  64  8:17  Probe  
  64  8:19  Probe  
  66  8:25  Probe  
  66  8:31  Probe  
  68  8:37  Forge, Stalker  
  68  8:38  Sentry  
  72  8:45  Probe  
  72  8:46  Templar Archives  
  72  8:47  Probe  
  74  8:59  Probe, Protoss Ground Weapons Level 2  
  75  9:04  Stalker x2  
  75  9:07  Sentry  
  81  9:10  Protoss Ground Armor Level 2  
  81  9:16  Observer  
  82  9:36  Assimilator  
  82  9:38  Assimilator  
  82  9:46  Pylon  
  82  9:47  Pylon  
  82  9:48  Psionic Storm  
  82  10:08  High Templar x2  
  82  10:10  Zealot x2  
  90  10:14  Probe x3  
  93  10:26  Probe  
  94  10:37  Dark Shrine, Pylon  
  94  10:40  Photon Cannon  
  94  10:43  Photon Cannon  
  94  10:44  Photon Cannon, Zealot x3  
  94  10:45  Zealot  
  94  10:47  Pylon  
  102  11:01  Gateway  
  102  11:03  Gateway  
  102  11:07  Zealot x3, Gateway  
  102  11:09  Pylon  
  102  11:10  Protoss Ground Weapons Level 3  
  108  11:28  High Templar x3  
  114  11:53  Probe  
  115  12:00  Probe  
  115  12:01  Probe  
  117  12:02  Shield Battery  
  117  12:04  Stalker x2  
  117  12:05  Stalker x4, Photon Cannon  
  117  12:06  Probe  
  130  12:10  Pylon  
  130  12:13  Probe x2  
  132  12:18  Probe  
  133  12:25  Probe x2  
  135  12:30  Probe  
  136  12:46  Charge  
  118  13:09  Dark Templar x3  
  118  13:10  Dark Templar x3  
  118  13:20  Probe x3  
  121  13:32  High Templar  
  123  13:47  Shield Battery  
  123  13:48  Shield Battery  
  123  13:50  Shield Battery  
  123  13:52  Pylon  
  123  13:55  Photon Cannon  
  123  13:57  Photon Cannon  
  121  14:24  Stalker x4  
  81  14:25  Stalker x2  
  81  14:26  Stalker  
  72  14:35  Stalker x3  
  56  14:50  Stalker x2  
  56  14:51  Stalker x2  
  60  15:04  Zealot x3  
  31  15:30  Zealot x5  
Show
View Real Time Build Order
Export as new Build Order

HoldTheDoor Protoss - Winner!

Build Orders: Oracle Opening 

Get SALT Encoding   

  12  0:00  Probe  
  13  0:12  Probe  
  14  0:19  Pylon  
  14  0:24  Probe  
  15  0:37  Probe  
  15  0:39  Gateway  
  16  0:45  Assimilator  
  16  0:49  Probe  
  17  0:57  Assimilator  
  17  1:01  Probe  
  18  1:18  Gateway  
  18  1:19  Probe  
  19  1:26  Cybernetics Core  
  19  1:31  Probe  
  20  1:34  Pylon  
  20  1:43  Probe  
  21  1:55  Probe  
  21  1:58  Warp Gate  
  22  2:04  Stalker  
  22  2:07  Stalker, Probe  
  27  2:29  Pylon  
  27  2:34  Stalker  
  29  2:37  Stalker  
  31  2:53  Stargate  
  31  2:55  Probe  
  32  3:25  Probe  
  32  3:26  Pylon  
  33  3:27  Oracle  
  33  3:36  Pylon  
  36  3:43  Probe  
  37  4:01  Shield Battery  
  37  4:06  Stalker  
  38  4:36  Probe  
  39  4:46  Nexus, Pylon  
  39  4:54  Void Ray  
  39  5:04  Probe  
  39  5:06  Pylon  
  44  5:11  Protoss Air Weapons Level 1  
  44  5:12  Fleet Beacon  
  44  5:19  Pylon  
  44  5:25  Probe  
  44  5:26  Stalker x2  
  49  5:31  Assimilator  
  49  5:37  Void Ray, Probe  
  54  5:49  Probe  
  55  5:53  Pylon  
  55  5:57  Assimilator  
  55  5:58  Probe  
  55  5:59  Stalker  
  55  6:01  Probe  
  55  6:02  Stalker  
  61  6:13  Probe  
  62  6:30  Carrier  
  62  6:37  Stalker  
  62  6:38  Stalker  
  60  7:02  Stalker x2  
  60  7:04  Probe x2  
  64  7:16  Probe x2  
  66  7:25  Shield Battery, Stalker x2  
  66  7:28  Probe x2  
  72  7:40  Probe  
  72  7:41  Probe  
  72  7:43  Stargate  
  74  7:46  Carrier  
  74  7:47  Pylon  
  81  7:58  Probe x2  
  82  8:10  Stalker x2  
  82  8:12  Pylon  
  86  8:25  Pylon  
  86  8:29  Nexus  
  86  8:34  Stalker  
  86  8:38  Stalker  
  90  8:43  Graviton Catapult  
  90  8:51  Carrier  
  96  9:06  Probe  
  96  9:07  Probe  
  96  9:09  Assimilator  
  98  9:11  Pylon  
  98  9:18  Probe  
  98  9:19  Probe  
  100  9:24  Carrier  
  106  9:43  Probe x3  
  109  9:50  Protoss Air Weapons Level 2  
  106  10:02  Stalker x2  
  110  10:09  Carrier  
  110  10:16  Pylon  
  110  10:17  Gateway  
  110  10:19  Gateway  
  116  10:21  Pylon  
  116  10:26  Zealot x2  
  120  10:29  Probe x2  
  120  10:32  Assimilator, Carrier  
  120  10:35  Probe, Pylon  
  123  10:55  Pylon  
  123  10:56  Zealot x2  
  133  10:58  Probe x2  
  135  11:14  Forge  
  135  11:15  Forge  
  135  11:18  Pylon  
  135  11:21  Cybernetics Core  
  135  11:27  Carrier  
  135  11:37  Stalker x3  
  135  11:38  Stargate  
  147  11:40  Protoss Shields Level 1, Zealot, Protoss Ground Weapons Level 1  
  147  11:43  Protoss Air Armor Level 1  
  149  11:54  Robotics Facility  
  149  11:55  Pylon  
  149  12:10  Carrier  
  155  12:19  Protoss Air Weapons Level 3  
  155  12:28  Probe  
  154  12:54  Zealot x2  
  154  12:55  Zealot x2  
  162  13:12  Nexus  
  160  13:20  Void Ray  
  164  13:27  Pylon  
  164  13:29  Pylon  
  164  13:30  Pylon  
  164  13:32  Observer, Pylon  
  164  13:34  Pylon  
  165  13:45  Void Ray x2  
  173  13:51  Shield Battery  
  173  13:57  Shield Battery x2, Photon Cannon  
  173  14:01  Photon Cannon  
  170  14:14  Zealot x2  
  170  14:15  Zealot x2  
  165  14:23  Photon Cannon  
  137  14:42  Photon Cannon  
  137  14:46  Photon Cannon  
  137  14:47  Photon Cannon  
  137  14:54  Photon Cannon  
  133  15:05  Zealot  
  131  15:11  Observer  
  122  15:32  Stalker  
Tags
 
Add a new tag
Caveats
  • Supply blocks, unpowered buildings, or Contaminate may cause inaccurate times.
  • Supply counts are checked every 10 seconds.